 Dungeon Crawl Stone Soup version 0.29-a0-559-g359e09b9d1 (webtiles) character file.

Game seed: 16727417420354012980

1357 zishaf the Gusty (level 8, -4/48 HPs)
             Began as a Tengu Air Elementalist on June 9, 2022.
             Was an Initiate of Dithmenos.
             Slain by an orc warrior
             ... wielding a +0 glaive
              (9 damage)
             ... on level 7 of the Dungeon.
             The game lasted 00:12:27 (7540 turns).

zishaf the Gusty (Tengu Air Elementalist)           Turns: 7540, Time: 00:12:28

Health: -4/48      AC:  5    Str:  8    XL:     8   Next: 64%
Magic:  2/15       EV: 14    Int: 19    God:    Dithmenos [......]
Gold:   158        SH:  0    Dex: 18    Spells: 3/15 levels left

rFire   . . .      SeeInvis +   a - +6 flail "Roastise" {flame, *Slow Dex+4}
rCold   . . .      Faith    .   (no shield)
rNeg    . . .      Spirit   .   h - +0 leather armour
rPois   .          Reflect  .   (helmet restricted)
rElec   .          Harm     .   r - +1 cloak
rCorr   .          Rampage  .   (no gloves)
Will    .....                   (boots unavailable)
Stlth   ++........              (no amulet)
HPRegen 0.16/turn               i - ring of see invisible
MPRegen 0.14/turn               (no ring)

@: flying quickly and evasively, quick
A: beak, talons 3, nimble flight
a: Renounce Religion


You were on level 7 of the Dungeon.
You worshipped Dithmenos.
Dithmenos was noncommittal.
You visited 2 branches of the dungeon, and saw 8 of its levels.

You collected 345 gold pieces.
You spent 187 gold pieces at shops.

Inventory:

Hand Weapons
 a - the +6 flail "Roastise" (weapon) {flame, *Slow Dex+4}
   (You bought it in a shop on level 1 of the Dungeon)

   It burns those it strikes, dealing additional fire damage.
   Dex:       It affects your dexterity (+4).
   *Slow:     It may slow you when you take damage.
 c - a +0 dagger of draining
 w - a +5 mace
Missiles
 j - 4 datura-tipped darts
Armour
 f - a scarf of shadows
 h - a +0 leather armour (worn)
 r - a +1 cloak (worn)
 u - a +0 robe
Jewellery
 i - a ring of see invisible (left hand)
Wands
 n - a wand of acid (8)
 q - a wand of paralysis (10)
Scrolls
 d - a scroll of enchant armour
 k - a scroll of fog
 m - 2 scrolls of poison
 s - a scroll of teleportation
 t - a scroll of amnesia
 x - a scroll of summoning
Potions
 b - 4 potions of lignification
 e - 3 potions of curing
 g - 2 potions of haste {unknown}
 l - 3 potions of mutation
 o - a potion of cancellation
 p - 2 potions of degeneration {unknown}
 v - a potion of heal wounds {unknown}


   Skills:
 + Level 4.4 Fighting
 + Level 2.9 Maces & Flails
 - Level 2.1 Dodging
 - Level 2.0 Stealth
 - Level 4.0 Spellcasting
 + Level 6.2 Conjurations
 - Level 4.0 Necromancy
 + Level 7.4 Air Magic


You had 3 spell levels left.
You knew the following spells:

 Your Spells              Type           Power      Damage    Failure   Level
a - Shock                 Conj/Air       100%       1d9       1%          1
b - Airstrike             Air            15%        N/A       10%         4
A - Static Discharge      Conj/Air       29%        N/A       1%          2
B - Sublimation of Blood  Necr           19%        N/A       6%          2
C - Swiftness             Air            31%        N/A       2%          3

Your spell library contained the following spells:

 Spells                   Type           Power      Damage    Failure   Level
 Foxfire                  Conj/Fire      60%        2x1d7     5%          1
 Conjure Flame            Conj/Fire      15%        6-21      17%         3
 Apportation              Tloc           6%         N/A       21%         1
 Wereblood                Tmut           3%         N/A       30%         2
 Inner Flame              Hex/Fire       3%         N/A       52%         3
 Flame Wave               Conj/Fire      15%        2d6       50%         4
 Alistair's Intoxication  Tmut/Pois      2%         N/A       99%         5
 Summon Hydra             Summ           1%         N/A       100%        7


Dungeon Overview and Level Annotations

Branches:
Dungeon (7/15)             Temple (1/1) D:6

Altars:
Cheibriados
Dithmenos
Fedhas
Gozag
Hepliaklqana
Okawaru
Qazlal
Ru
Trog
Uskayaw
Vehumet
Wu Jian
Xom
Yredelemnul
Zin
The Shining One

Shops:
D:1 *=   D:7 *

Annotations:
D:5 3 runed translucent doors, DocClef's ghost, amateur GnDe


Innate Abilities, Weirdness & Mutations

You have a beak for a mouth.
You have claws for feet.
Your magical nature lets you fly swiftly and evasively.


Message History

You kill the white imp!
Dithmenos accepts your kill.
The orc warrior throws a silver boomerang.
The silver boomerang misses you. The orc warrior closely misses you.
You see here a water moccasin corpse.
Casting: Static Discharge (safe; 1% risk of failure)
Confirm with . or Enter, or press ? or * to list all spells.
The orc warrior is struck by an arc of lightning!
The orc warrior is moderately wounded.
The lightning grounds out.
The orc warrior barely misses you.
Unknown command.
Casting: Static Discharge (safe; 1% risk of failure)
Confirm with . or Enter, or press ? or * to list all spells.
The orc warrior is struck by an arc of lightning.
The orc warrior is heavily wounded.
The goblin is struck by an arc of lightning.
You kill the goblin!
Dithmenos accepts your kill.
The lightning grounds out.
The orc warrior completely misses you.
You barely miss the orc warrior.
You claw the orc warrior, but do no damage.
The orc warrior is heavily wounded.
The orc warrior hits you with a +0 glaive!!
* * * LOW HITPOINT WARNING * * *
Casting: Static Discharge (safe; 1% risk of failure)
Confirm with . or Enter, or press ? or * to list all spells.
The orc warrior is struck by an arc of lightning.
The orc warrior is severely wounded.
You are struck by an arc of lightning.
* * * LOW HITPOINT WARNING * * *
The lightning grounds out.
The orc warrior closely misses you.
You closely miss the orc warrior. Your kick misses the orc warrior.
The orc warrior is severely wounded.
The orc warrior hits you with a +0 glaive.
* * * LOW HITPOINT WARNING * * *
You barely miss the orc warrior.
The orc warrior is severely wounded.
The orc warrior hits you with a +0 glaive!
You die...

#.#*#.# **,,,,,,,,,,,
####..*#.#
***,,,,,,*****,
#.....*#.# *,,,,,,,,* *,
#.....##.####.#*,,,,,*
*,
#.............#*,,,,,*
**
#........######*******
#........#
#....#...#######
*#....###(o@....#*
#....,,,#)#####..#****
#.≈≈g≈≈,#..,,***,...,***
#.≈.,,≈,#...,*
****#,,,*****
#.≈g∩,≈,#....* ***,,,,,,
*,≈,,,≈,.....* *******
*,≈≈≈≈≈,..>o.* *
*,,,,,,,#.,,,* *
**,*,****,,,,*


You could see an orc warrior.

Vanquished Creatures
  2 water moccasins
  2 black bears
  2 ogres
  A phantom (D:5)
  A scorpion (D:6)
  3 wights (D:6)
  A howler monkey (D:5)
  3 hounds
  A gnoll shaman (D:6)
  An orc priest (D:7)
  Terence (D:2)
  2 iguanas (D:5)
  2 orc wizards
  7 gnolls (D:6)
  6 adders
  2 white imps
  A worm (D:2)
  2 dart slugs
  7 orcs
  7 endoplasms
  2 giant cockroaches (D:1)
  3 goblins
  4 hobgoblins
  3 jackals (D:3)
  8 kobolds
  2 quokkas
  2 ball pythons
  2 bats (D:1)
  A frilled lizard (D:2)
  3 rats
84 creatures vanquished.

Notes
Turn   | Place    | Note
-------+----------+-------------------------------------------
     0 | D:1      | zishaf the Tengu Air Elementalist began the quest for the
                  | Orb.
     0 | D:1      | Reached XP level 1. HP: 10/10 MP: 4/4
    23 | D:1      | Found Rikhoidiax's Jewellery Shop.
   239 | D:1      | Reached XP level 2. HP: 10/16 MP: 1/6
   244 | D:1      | Learned a level 2 spell: Static Discharge
   447 | D:1      | Found Zejued's Assorted Antiques.
   512 | D:1      | Reached skill level 1 in Fighting
   693 | D:1      | Found a faded altar of an unknown god.
  1374 | D:2      | Reached XP level 3. HP: 20/20 MP: 3/7
  1746 | D:2      | Noticed Terence
  1781 | D:2      | Killed Terence
  1782 | D:2      | Reached XP level 4. HP: 14/26 MP: 2/8
  3299 | D:3      | Reached skill level 5 in Air Magic
  3786 | D:4      | Gained mutation: Your magical nature lets you fly swiftly
                  | and evasively. [Tengu growth]
  3786 | D:4      | Reached XP level 5. HP: 24/30 MP: 0/9
  3972 | D:5      | Entered Level 5 of the Dungeon
  3985 | D:5      | Learned a level 4 spell: Airstrike
  3988 | D:5      | Learned a level 2 spell: Sublimation of Blood
  4208 | D:5      | Noticed a black bear
  4292 | D:5      | Reached skill level 1 in Necromancy
  4463 | D:5      | Noticed a water moccasin
  4478 | D:5      | Killed a water moccasin
  4479 | D:5      | Reached XP level 6. HP: 4/36 MP: 0/11
  4783 | D:5      | Reached skill level 6 in Air Magic
  4783 | D:5      | Reached XP level 7. HP: 37/41 MP: 5/13
  5037 | D:5      | Found a runed translucent gate.
  5037 | D:5      | Found a runed translucent gate.
  5037 | D:5      | Found a runed translucent gate.
  5159 | D:5      | Reached skill level 5 in Conjurations
  5492 | D:5      | Noticed DocClef's ghost (amateur GnDe)
  5597 | D:1      | Bought a jewelled flail for 187 gold pieces
  5597 | D:1      | Identified the +6 flail "Roastise" {flame, *Slow Dex+4}
                  | (You bought it in a shop on level 1 of the Dungeon)
  5603 | D:1      | Learned a level 3 spell: Swiftness
  5801 | D:6      | Found a snail-covered altar of Cheibriados.
  5941 | D:6      | Reached skill level 1 in Maces & Flails
  5948 | D:6      | Reached XP level 8. HP: 48/48 MP: 14/14
  6259 | D:6      | Reached skill level 7 in Air Magic
  6681 | D:6      | Found a staircase to the Ecumenical Temple.
  6688 | Temple   | Entered the Ecumenical Temple
  6808 | Temple   | Became a worshipper of Dithmenos the Shadowed
  7506 | D:7      | Found an opulent altar of Gozag.
  7507 | D:7      | Found Gozag's Platinum Reserve.
  7540 | D:7      | Slain by an orc warrior

Illustrated notes

Levels and vault maps discovered:
D:1:      psy_arrival_conway, layout_rooms, serial_shops, shop,
          nicolae_shop_trees, shapermc_ecumenical_altar_venn,
          corexii_item_surrounded_by_moat, lemuel_old_faithful
D:2:      layout_basic, hangedman_decor_peaks_small, uniq_terence
D:3:      layout_loops_corners
D:4:      layout_loops_cross, minmay_misc_feat_encased, grunt_decor_junction
D:5:      layout_rooms, gammafunk_ghost_necromancy, corexii_hall_statues_u
D:6:      layout_loops_corners, mainiacjoe_overflow_concentric_impassable,
          minmay_temple_entry_nine_rooms
D:7:      layout_rooms, nicolae_gozag_zags_fifth_avenue,
          nemelex_spade_bored_becter, enter_bailey_5
Temple:   dpeg_five_rooms_temple

Skill      XL: |  1  2  3  4  5  6  7  8 |
---------------+-------------------------+-----
Conjurations   | 2 3 4 5 6 |  6.2
Fighting       | 1 2 3 4 |  4.4
Air Magic      | 5 6 7 |  7.4
Necromancy     | 1 2 3 4 |  4.0
Spellcasting   | 3 4 |  4.0
Maces & Flails | 1 2 |  2.9
Dodging        | |  2.1
Stealth        | |  2.0

Action                   |  1- 3 |  4- 6 |  7- 9 || total
-------------------------+-------+-------+-------++-------
Melee: Dagger            |     7 |    10 |     5 ||    22
       Peck              |       |     2 |    11 ||    13
       Kick              |       |     3 |    12 ||    15
       Flail             |       |       |    32 ||    32
 Cast: Shock             |    58 |    71 |    25 ||   154
       Static Discharge  |     7 |    13 |    24 ||    44
  Use: Potion            |     3 |     2 |       ||     5
       Scroll            |       |    13 |     2 ||    15
 Stab: Sleeping          |     1 |       |     2 ||     3
Armor: Robe              |     2 |       |       ||     2
       Leather armour    |     2 |     8 |     8 ||    18
Dodge: Dodged            |    19 |    19 |    44 ||    82

Table legend: (Time is in decaauts)
 A = Elapsed time spent in this place.
 B = Non-inter-level travel time spent in this place.
 C = Inter-level travel time spent in this place.
 D = Time resting spent in this place.
 E = Time spent auto-exploring this place.
 F = Levels seen in this place.
 G = Mean time per level.
                   A        B        C        D        E       F      G
               +--------+--------+--------+--------+--------+-----+--------+
         Total |   7380 |   6883 |    497 |    608 |   5459 |   8 |  922.5 |
       Dungeon |   7202 |   6773 |    429 |    608 |   5367 |   7 | 1028.9 |
        Temple |    177 |    110 |     67 |      0 |     91 |   1 |  177.0 |
               +--------+--------+--------+--------+--------+-----+--------+

Top non-repeatable levels by time:
     D:6: 1526 daAuts
     D:1: 1351 daAuts
     D:5: 1296 daAuts
     D:2: 1168 daAuts
     D:3: 979 daAuts
     D:4: 815 daAuts
  Temple: 177 daAuts
     D:7: 64 daAuts
